 Dungeon Crawl Stone Soup version 0.26-a0-519-gb2f46efeda (webtiles) character file.

Game seed: 3334227989223626207

19134 KristoblXynda the Nimble (level 12, -3/81 HPs)
             Began as a Vampire Gladiator on Aug 10, 2020.
             Was a Follower of Ashenzari.
             Killed from afar by an orc priest (15 damage)
             ... with an exploding inner flame
             ... hexed by the player character
             ... on level 12 of the Dungeon.
             The game lasted 00:23:52 (11255 turns).

KristoblXynda the Nimble (Vampire Gladiator)       Turns: 11255, Time: 00:23:53

Health: -3/81      AC: 17    Str: 16    XL:     12   Next: 33%
Magic:  12/12      EV: 20    Int: 12    God:    Ashenzari [*.....]
Gold:   792        SH:  5    Dex: 16    Spells: 8/11 levels left

rFire    . . .     SeeInvis +   K - +5 scimitar (flame)
rCold    . . .     Faith    .   J - +0 buckler (curse)
rNeg     . . .     Spirit   .   M - +0 acid dragon scales (curse)
rPois    .         Reflect  .   f - +2 helmet (curse)
rElec    .         Harm     .   j - +1 cloak
rCorr    +                      w - +2 pair of gloves {archery} (curse)
MR       +....                  (no boots)
Stlth    +++++.....             t - amulet of regeneration
HPRegen  0.83/turn              I - ring of resist corrosion
MPRegen  0.13/turn              G - ring of stealth

@: regenerating quickly
A: fangs 3, see invisible, unbreathing
a: Exsanguinate, Curse Item, Scrying, Renounce Religion


You were on level 12 of the Dungeon.
You worshipped Ashenzari.
Ashenzari was aware of your devotion.
You visited 3 branches of the dungeon, and saw 14 of its levels.

You collected 792 gold pieces.

Inventory:

Hand Weapons
 a - a +3 scimitar of freezing
 K - a +5 scimitar of flaming (weapon)
Missiles
 d - 7 throwing nets (quivered)
Armour
 f - a cursed +2 helmet (worn)
 j - a +1 cloak (worn)
 w - a cursed +2 pair of gloves of archery (worn)
 J - a cursed +0 buckler (worn)
 M - cursed +0 acid dragon scales (worn)
Jewellery
 k - an uncursed ring of wizardry
 t - an amulet of regeneration (around neck)
 D - a +6 ring of intelligence
 G - a ring of stealth (right hand)
 H - an uncursed amulet of magic regeneration
 I - a ring of resist corrosion (left hand)
Wands
 x - a wand of disintegration (30)
 y - a wand of iceblast (10)
 F - a wand of paralysis (1)
Scrolls
 b - 6 scrolls of remove curse
 h - 5 scrolls of enchant weapon
 l - a scroll of immolation
 m - 3 scrolls of magic mapping
 n - 6 scrolls of teleportation
 r - a scroll of enchant armour
 A - a scroll of amnesia
 B - a scroll of fog
Potions
 c - 2 potions of might
 e - 3 potions of berserk rage
 g - 5 potions of brilliance
 i - a potion of mutation
 o - a potion of invisibility {unknown}
 p - a potion of heal wounds
 q - a potion of magic {unknown}
 s - 2 potions of cancellation
 u - a potion of resistance
 v - a potion of haste
 z - 7 potions of curing
 C - 2 potions of ambrosia
 E - a potion of lignification


   Skills:
 - Level 3.0 Fighting
 + Level 10.7 Long Blades
 - Level 2.0 Throwing
 + Level 8.6 Armour
 + Level 11.6 Dodging
 - Level 10.2 Stealth
 - Level 4.1 Shields
 + Level 5.1 Evocations


You had 8 spell levels left.
You knew the following spells:

 Your Spells              Type           Power        Failure   Level
a - Tukima's Dance        Hex            #.......     77%         3

Your spell library contained the following spells:

 Spells                   Type           Power        Failure   Level
 Animate Skeleton         Necr           #.....       38%         1
 Corona                   Hex            #......      38%         1
 Pain                     Necr           #...         38%         1
 Ensorcelled Hibernation  Hex/Ice        #.....       54%         2
 Confusing Touch          Hex            #.......     77%         3
 Dazzling Flash           Conj/Hex       #.....       77%         3
 Vampiric Draining        Necr           #.........   77%         3
 Animate Dead             Necr           #.........   99%         4
 Cause Fear               Hex            #.........   99%         4
 Agony                    Necr           #.......     100%        5
 Silence                  Hex/Air        #.........   100%        5
 Yara's Violent Unravell  Hex/Tmut       #.........   100%        5
 Discord                  Hex            #.........   100%        8


Dungeon Overview and Level Annotations

Branches:
Dungeon (12/15)            Temple (1/1) D:4            Lair (1/6) D:9
    Orc (0/2) D:10

Altars:
Ashenzari
Cheibriados
Dithmenos
Elyvilon
Fedhas
Gozag
Hepliaklqana
Kikubaaqudgha
Makhleb
Nemelex Xobeh
Okawaru
Qazlal
Ru
Sif Muna
Trog
Uskayaw
Vehumet
Wu Jian
Xom
Yredelemnul
Zin
The Shining One
Beogh

Shops:
D:2 *   D:8 !   D:9 (

Annotations:
D:12 exclusions: obsidian statue and orange crystal statue, Nessos


Innate Abilities, Weirdness & Mutations

Your natural rate of healing is unusually fast.
You have razor-sharp teeth.
You have supernaturally acute eyesight. (SInv)
You can survive without breathing.


Message History

The centaur is almost dead.
The fiery explosion engulfs the orc warrior!!
The orc warrior explodes!
The fiery explosion engulfs the orc!!!
The orc explodes!
The fiery explosion engulfs the orc!!
The orc explodes!
The fiery explosion engulfs the orc!!!
You kill the orc!
The fiery explosion engulfs the centaur!!
You kill the centaur!
You hear an explosion!
You feel a bit more experienced.
You hear an explosion!
The fiery explosion engulfs the orc!!!
You kill the orc!
You feel a bit more experienced. x2
Your Evocations skill increases to level 5!
You feel a bit more experienced. The fiery explosion engulfs you!
You die...

.......#####........)...
######.# #............
#.# #.._......... #.#
#...J........ #.#
#.....#####.# #.#
##..### .# #.# #.## #.#
#.#####.# #.# #.J§@x..#
####§#### §§§{ §§§§§..
#§§§§§§o.. #§§§§§§§..
#..§§§§... #..$......


You could see a very large slime creature (inner flame, paralysed) and an unseen
horror (inner flame, invisible).

Vanquished Creatures
  Harold (D:11)
  Erica (D:9)
  3 two-headed ogres
  A death yak (D:9)
  Nergalle (D:11)
  3 skeletal warriors
  The ghost of astraldaughter the Poker, a novice DgWn (D:8)
  An orc knight (D:12)
  2 ugly things
  A cyclops (D:11)
  A centaur zombie (D:12)
  Joseph (D:9)
  A gargoyle (D:11)
  A centaur skeleton (D:10)
  2 trolls
  3 hippogriffs
  A wyvern (D:8)
  Sigmund (D:2)
  5 yaks (D:9)
  A basilisk (D:9)
  A steam dragon (D:10)
  Menkaure (D:5)
  An acid dragon (D:11)
  2 water moccasins
  12 orc warriors
  3 phantoms
  3 ice beasts
  A black bear (D:12)
  3 sky beasts
  10 ogres
  A crocodile (D:9)
  6 centaurs
  8 big kobolds
  8 bullfrogs
  3 gnoll sergeants (D:10)
  3 scorpions
  9 killer bees
  10 wights
  A howler monkey (D:6)
  A bullfrog zombie (D:6)
  2 jellies
  A quasit (D:10)
  Crazy Yiuf (D:2)
  8 hounds
  A bullfrog skeleton (D:11)
  9 orc priests
  Jessica (D:3)
  Natasha (thrice) (D:3)
  An iguana (D:11)
  8 orc wizards
  4 worker ants
  A hound skeleton (D:4)
  8 gnolls
  7 river rats (D:9)
  12 adders
  2 shadow imps
  6 white imps
  2 ufetubi
  An ooze (D:2)
  3 adder skeletons
  5 worms
  A dart slug (D:3)
  3 leopard geckos
  59 orcs
  15 bats
  4 giant cockroaches
  10 goblins
  9 hobgoblins
  8 jackals
  6 quokkas
  2 ball pythons
  2 frilled lizards
  28 kobolds
  23 rats
375 creatures vanquished.

Notes
Turn   | Place    | Note
-------+----------+-------------------------------------------
     0 | D:1      | KristoblXynda the Vampire Gladiator began the quest for the
                  | Orb.
     0 | D:1      | Reached XP level 1. HP: 16/16 MP: 1/1
   209 | D:1      | Reached XP level 2. HP: 17/22 MP: 2/2
   566 | D:1      | Reached XP level 3. HP: 27/27 MP: 3/3
   908 | D:2      | Found a blossoming altar of Fedhas.
   908 | D:2      | Found a stormy altar of Qazlal.
   908 | D:2      | Found a burning altar of Makhleb.
   908 | D:2      | Found a snail-covered altar of Cheibriados.
   908 | D:2      | Noticed Sigmund
   954 | D:2      | Killed Sigmund
   954 | D:2      | Reached skill level 1 in Armour
   954 | D:2      | Reached skill level 4 in Dodging
   954 | D:2      | Reached XP level 4. HP: 18/35 MP: 4/4
   954 | D:2      | Reached XP level 5. HP: 22/41 MP: 5/5
  1025 | D:2      | Found an ancient bone altar of Kikubaaqudgha.
  1025 | D:2      | Found an ornate altar of the Wu Jian Council.
  1075 | D:2      | Found a glowing golden altar of the Shining One.
  1247 | D:2      | Found Zin's Purification Station.
  1247 | D:2      | Found a glowing silver altar of Zin.
  1424 | D:2      | Reached skill level 1 in Stealth
  1549 | D:2      | Found a runed translucent door.
  1550 | D:2      | Noticed Crazy Yiuf
  1558 | D:2      | Killed Crazy Yiuf
  1558 | D:2      | Reached XP level 6. HP: 27/47 MP: 6/6
  1634 | D:3      | Noticed Natasha
  1644 | D:3      | Killed Natasha
  1660 | D:3      | Noticed Natasha
  1682 | D:3      | Killed Natasha
  1687 | D:3      | Reached skill level 5 in Dodging
  1725 | D:3      | Noticed a sky beast
  1745 | D:3      | Killed a sky beast
  1822 | D:3      | Reached XP level 7. HP: 52/52 MP: 7/7
  1873 | D:3      | Found a hazy altar of Hepliaklqana.
  1945 | D:3      | Noticed Natasha
  1956 | D:3      | Killed Natasha
  2159 | D:3      | Noticed Jessica
  2168 | D:3      | Killed Jessica
  2508 | D:4      | Reached skill level 5 in Long Blades
  2902 | D:4      | Found a sparkling altar of Nemelex Xobeh.
  2985 | D:4      | Found a staircase to the Ecumenical Temple.
  3304 | Temple   | Entered the Ecumenical Temple
  3588 | D:5      | Entered Level 5 of the Dungeon
  3592 | D:5      | Found a hide-covered altar of Uskayaw.
  4064 | D:5      | Noticed Menkaure
  4070 | D:5      | Killed Menkaure
  4070 | D:5      | Reached skill level 6 in Dodging
  4070 | D:5      | Reached skill level 5 in Stealth
  4259 | D:6      | Reached XP level 8. HP: 58/58 MP: 8/8
  5267 | D:7      | Reached skill level 7 in Dodging
  5450 | D:7      | Reached XP level 9. HP: 60/63 MP: 9/9
  5683 | D:7      | Found an opulent altar of Gozag.
  5779 | D:8      | Found a runed translucent gate.
  5779 | D:8      | Found a runed translucent gate.
  5779 | D:8      | Found a runed translucent gate.
  5779 | D:8      | Noticed astraldaughter's ghost (novice DgWn)
  5779 | D:8      | Identified the +2 dire flail of Kuhodeir {flame, MR+ Int+3}
  5988 | D:8      | Reached skill level 5 in Armour
  6094 | D:8      | Reached skill level 8 in Dodging
  6423 | D:8      | Found Wurph's Distillery.
  6597 | D:8      | Found a shattered altar of Ashenzari.
  6605 | D:8      | Became a worshipper of Ashenzari the Shackled
  6884 | D:8      | Found a roughly hewn altar of Beogh.
  6935 | D:8      | Killed astraldaughter's ghost
  6935 | D:8      | Reached skill level 10 in Stealth
  6956 | D:8      | Reached XP level 10. HP: 32/70 MP: 10/10
  7079 | D:9      | Found a burning altar of Makhleb.
  7130 | D:9      | Noticed Joseph
  7206 | D:9      | Killed Joseph
  7206 | D:9      | Reached skill level 1 in Shields
  7326 | D:9      | Noticed a cyan ugly thing
  7433 | D:9      | Reached skill level 9 in Dodging
  7541 | D:9      | Noticed a two-headed ogre
  7562 | D:9      | Found a staircase to the Lair.
  7563 | D:9      | Noticed a death yak
  7591 | D:9      | Killed a death yak
  7605 | D:9      | Killed a two-headed ogre
  7644 | D:9      | Found Zowifu's Antique Weapon Emporium.
  7933 | D:9      | Noticed Erica
  7953 | D:9      | Killed Erica
  7953 | D:9      | Reached XP level 11. HP: 24/75 MP: 11/11
  8206 | D:9      | Killed a cyan ugly thing
  8206 | D:9      | Reached skill level 10 in Dodging
  8475 | Lair:1   | Entered Level 1 of the Lair of Beasts
  8495 | D:10     | Entered Level 10 of the Dungeon
  8617 | D:10     | Reached skill level 1 in Evocations
  8635 | D:10     | Found a staircase to the Orcish Mines.
  8753 | D:10     | Noticed a two-headed ogre
  8759 | D:10     | Killed a two-headed ogre
  8799 | D:10     | Reached * piety under Ashenzari
  9478 | D:11     | Noticed Nergalle
  9481 | D:11     | HP: 1/75 [gargoyle/stone arrow (14)]
  9508 | D:11     | HP: 3/75 [orc warrior/+0 war axe (12)]
  9701 | D:11     | Learned a level 3 spell: Tukima's Dance
  9785 | D:11     | Reached skill level 10 in Long Blades
  9890 | D:11     | Noticed Harold
  9904 | D:11     | Paralysed by Harold for 7 turns
  9923 | D:11     | Killed Harold
  9923 | D:11     | Reached skill level 11 in Dodging
  9954 | D:11     | Killed Nergalle
 10145 | D:11     | Found an iron altar of Okawaru.
 10206 | D:11     | Noticed a two-headed ogre
 10214 | D:11     | Killed a two-headed ogre
 10586 | D:12     | Noticed a skeletal warrior
 10586 | D:12     | Noticed a skeletal warrior
 10586 | D:12     | Noticed a skeletal warrior
 10611 | D:11     | Killed a skeletal warrior
 10611 | D:11     | Reached XP level 12. HP: 53/81 MP: 12/12
 11086 | D:12     | Noticed Nessos
 11233 | D:12     | Found a glowing golden altar of the Shining One.
 11245 | D:12     | Found a roughly hewn altar of Beogh.
 11255 | D:12     | Reached skill level 5 in Evocations
 11255 | D:12     | Killed from afar by an orc priest

Illustrated notes

Levels and vault maps discovered:
D:1:      dpeg_arrival_rooms_b, layout_basic, minmay_ruptured
D:2:      minmay_chambers_of_twos, layout_rooms, nicolae_tso_swordbearing_angel,
          minmay_overflow_temple_hex, zin_purify, uniq_crazy_yiuf_cottage,
          uniq_sigmund
D:3:      layout_basic, nicolae_overflow_hidden_temple, uniq_jessica,
          uniq_natasha
D:4:      layout_gridville, kennysheep_mini, temple_fountains,
          dk_noncrumbling_4, roderic_lattice_a
D:5:      layout_loops_ring, lemuel_round_altar, st_stairs_7, minivault_14,
          uniq_menkaure
D:6:      layout_cave_pods
D:7:      layout_basic, grunt_gozag_statues
D:8:      layout_cave_pods, cheibrodos_ashenzari_chains,
          biasface_ghost_orc_armoury, serial_shops, nicolae_shop_waterfront,
          serial_column_ruins, column_ruins_open_small, column_ruins_open_small,
          column_ruins_open_small, column_ruins_corridor_T, minmay_starry_boxes
D:9:      layout_roguey, david_lair_generic, basic_altar, serial_shops,
          nicolae_shop_crystal, dk_rats_in_the_wall, uniq_joseph, uniq_erica
D:10:     layout_irregular_city, kennysheep_orc_monster_closet_entryway
D:11:     layout_basic, basic_altar, uniq_harold, uniq_nergalle
D:12:     layout_roguey [special_room_orc], basic_altar, minmay_more_statues,
          uniq_nessos, uniq_maurice, uniq_josephine
Temple:   nicolae_temple_figure_zero
Lair:1:   layout_layer_cave, kb_xom_exploding_sheep

Skill      XL: |  1  2  3  4  5  6  7  8  9 10 11 12 |
---------------+-------------------------------------+-----
Fighting       | 2 3 |  3.0
Throwing       | 2 |  2.0
Long Blades    | 4 5 6 7 9 10 | 10.7
Armour         | 1 2 3 4 5 6 8 |  8.6
Dodging        | 4 5 6 7 8 9 11 | 11.6
Stealth        | 1 3 5 7 10 | 10.2
Shields        | 3 4 |  4.1
Evocations     | 4 5 |  5.1

Action                   |  1- 3 |  4- 6 |  7- 9 | 10-12 || total
-------------------------+-------+-------+-------+-------++-------
Melee: Long sword        |   118 |   113 |   433 |       ||   664
       Bite              |    14 |    17 |    64 |    61 ||   156
       Scimitar          |       |       |    74 |   474 ||   548
Throw: Throwing net      |     1 |       |     1 |     1 ||     3
Invok: Curse Item        |       |       |     1 |     3 ||     4
Evoke: Wand              |       |       |     1 |    25 ||    26
  Use: Scroll            |       |     4 |    14 |    13 ||    31
       Potion            |       |       |     5 |     3 ||     8
 Stab: Sleeping          |     1 |       |    10 |    16 ||    27
       Held in net/web   |       |       |     1 |       ||     1
       Paralysed         |       |       |       |     9 ||     9
       Distracted        |       |       |       |     1 ||     1
Armor: Leather armour    |    27 |       |       |       ||    27
       Ring mail         |    34 |    45 |   165 |    66 ||   310
       Skin              |       |       |    14 |     2 ||    16
       Scale mail        |       |       |       |    38 ||    38
       Acid dragon scale |       |       |       |    19 ||    19
Dodge: Dodged            |   114 |    77 |   398 |   349 ||   938
Block: Buckler           |       |       |       |   123 ||   123
       Rpst.: Long sword |    40 |    20 |   111 |       ||   171
       Scimitar          |       |       |     7 |    96 ||   103

Table legend: (Time is in decaauts)
 A = Elapsed time spent in this place.
 B = Non-inter-level travel time spent in this place.
 C = Inter-level travel time spent in this place.
 D = Time resting spent in this place.
 E = Time spent auto-exploring this place.
 F = Levels seen in this place.
 G = Mean time per level.
                   A        B        C        D        E       F      G
               +--------+--------+--------+--------+--------+-----+--------+
         Total |  11328 |  10848 |    480 |   1846 |   5743 |  14 |  809.1 |
       Dungeon |  11181 |  10712 |    469 |   1846 |   5677 |  12 |  931.8 |
        Temple |    145 |    134 |     11 |      0 |     66 |   1 |  145.0 |
          Lair |      1 |      1 |      0 |      0 |      0 |   1 |    1.0 |
               +--------+--------+--------+--------+--------+-----+--------+

Top non-repeatable levels by time:
     D:9: 1417 daAuts
     D:8: 1303 daAuts
    D:11: 1187 daAuts
    D:10: 1071 daAuts
     D:4: 1054 daAuts
     D:6: 992 daAuts
     D:1: 881 daAuts
     D:3: 815 daAuts
     D:2: 761 daAuts
     D:5: 626 daAuts
     D:7: 590 daAuts
    D:12: 479 daAuts
  Temple: 145 daAuts
  Lair:1: 1 daAuts
